 Dungeon Crawl Stone Soup version 0.16-a0-2093-g8c923f7 (webtiles) character file.

7312 myeffort the Geomancer (level 10, -8/75 HPs)
             Began as a Deep Dwarf Earth Elementalist on Nov 12, 2014.
             Was an Elder of Makhleb.
             Mangled by a minotaur
             ... wielding a +5 mace of holy wrath
              (14 damage)
             ... in a labyrinth.
             The game lasted 01:00:45 (12374 turns).

myeffort the Geomancer (DDEE)                      Turns: 12374, Time: 01:00:45

Health: -8/75      AC:  7    Str: 12    XL:     10   Next: 90%
Magic:  28/33      EV: 12    Int: 19    God:    Makhleb [****..]
Gold:   585        SH:  0    Dex: 13    Spells: 4 memorised, 1 level left

rFire  . . .     SeeInvis .     b - 161 stones
rCold  . . .     Clarity  .     c - +1 robe
rNeg   . . .     SustAb   .     (no shield)
rPois  .         Gourm    +     G - +1 hat
rElec  .         Spirit   .     (no cloak)
rCorr  .         Warding  .     (no gloves)
rMut   .         Stasis   .     u - +2 pair of boots
MR     +....                    m - amulet of the gourmand
Stlth  +.........               X - ring of magical power
                                g - ring of loudness (curse)

@: non-regenerating, somewhat resistant to hostile enchantments, very unstealthy
A: damage resistance, recharge devices, sense surroundings 2, slow healing 3
a: Device Recharging, Minor Destruction, Lesser Servant of Makhleb, Major
Destruction, Renounce Religion


You were in a labyrinth.
You worshipped Makhleb.
Makhleb was greatly pleased with you.
You were not hungry.

You visited 1 branch of the dungeon, and saw 11 of its levels.
You also visited: Labyrinth.

You collected 743 gold pieces.
You spent 158 gold pieces at shops.

Inventory:

Hand weapons
 a - a +0 mace
Missiles
 b - 161 stones (in hand)
Armour
 c - a +1 robe (worn)
 u - a +2 pair of boots (worn)
 G - a +1 hat (worn)
 V - a +2 shield
Jewellery
 g - a cursed ring of loudness (left hand)
 m - an amulet of the gourmand (around neck)
 A - an uncursed ring of protection from cold
 E - an uncursed amulet of resist corrosion
 X - a ring of magical power (right hand)
Magical devices
 r - a wand of flame (25)
 w - a wand of heal wounds (1)
 J - a wand of disintegration (5)
 Q - a wand of random effects (39)
 Z - a wand of confusion (19)
Scrolls
 e - 2 scrolls of blinking
 l - 12 scrolls of identify
 n - 5 scrolls of teleportation {unknown}
 p - 2 scrolls of immolation {unknown}
 q - a scroll of recharging
 s - 2 scrolls of random uselessness {unknown}
 t - 3 scrolls of remove curse {unknown}
 v - a scroll of noise {unknown}
 x - a scroll of enchant weapon {unknown}
 y - 2 scrolls of enchant armour
 B - 2 scrolls of amnesia {unknown}
 W - a scroll of fear {unknown}
 Y - a scroll of fog {unknown}
Potions
 j - 4 potions of agility
 k - 2 potions of cancellation
 o - 8 potions of curing
 z - 2 potions of cure mutation
 C - a potion of berserk rage
 F - a potion of invisibility
 S - a potion of heal wounds
 T - a potion of poison
 U - a potion of mutation
Books
 d - a book of Geomancy

   Spells                             Type                      Level
   *Sandblast                         Earth                        1
   *Stoneskin                         Transmutation/Earth          2
   Passwall                           Transmutation/Earth          3
   *Stone Arrow                       Conjuration/Earth            3
   Petrify                            Transmutation/Earth          4
   *Lee's Rapid Deconstruction        Earth                        5
 h - a book of Changes

   Spells                             Type                      Level
   Beastly Appendage                  Transmutation                1
   Sticks to Snakes                   Transmutation                2
   Spider Form                        Transmutation/Poison         3
   Ice Form                           Ice/Transmutation            4
   Blade Hands                        Transmutation                5
Comestibles
 f - 7 bread rations
 i - a meat ration


   Skills:
 - Level 7.0 Maces & Flails
 - Level 2.1 Dodging
 - Level 2.4 Stealth
 - Level 1.7 Spellcasting
 - Level 0.8 Transmutations
 - Level 12.4 Earth Magic
 * Level 10.5 Invocations
 + Level 12.3 Evocations


You had one spell level left.
You knew the following spells:

 Your Spells              Type           Power        Failure   Level  Hunger
a - Sandblast             Erth           #####.       1%          1    #......
b - Stone Arrow           Conj/Erth      ####..       4%          3    ###....
c - Stoneskin             Trmt/Erth      ####....     1%          2    ###....
d - Lee's Rapid Deconstr  Erth           #####.....   3%          5    ######.


Dungeon Overview and Level Annotations

Branches:
Dungeon (11/15)            Temple (0/1) D:4             Orc (0/4) D:9
   Lair: D:8-11

Altars:
Ashenzari
Dithmenos
Elyvilon
Fedhas
Gozag
Kikubaaqudgha
Makhleb
Nemelex Xobeh
Okawaru
Sif Muna
Xom
Yredelemnul

Shops:
D:10 *

Annotations:
D:8 exclusion: 2 oklob saplings


Innate Abilities, Weirdness & Mutations

You are resistant to damage.
You can recharge devices by infusing magical energy.
You passively map the area around you.
You do not heal naturally.


Message History

Your smoke demon convulses!!
Your smoke demon dies!
Your quasit bites the minotaur but does no damage.
Your quasit claws the minotaur but does no damage. x2
Press: ? - help, v - describe, . - travel
Here: a minotaur, wielding a mace of holy wrath, wearing a runed plate armour and wearing an onyx ring (fast)
The floor, spattered with blood.
Read which item? (? for menu, Esc to quit)
Your blink will be uncontrolled - continue anyway? [Y]es or [N]o only, please.
Your blink will be uncontrolled - continue anyway? [Y]es or [N]o only, please.
Your blink will be uncontrolled - continue anyway?
Okay, then.
Use which ability? (? or * to list)
A demon appears!
The minotaur hits you with a mace of holy wrath!!
* * * LOW HITPOINT WARNING * * *
The minotaur gores you!
You die...

. . . .# # ##
# . #. . . .
# ... .... #
#
############
.#
#.H@.4<.....
# ..
#5########..#
# #.#.....H.
.#. . # #5##
.#.## # # #
#5..53#. ..#
. ... #####.#
#.#.. # ..#.#
## # # #.# #.
...# #..
#.#...# #.
.#.


You could see a minotaur, a friendly hellwing and a friendly quasit.

Vanquished Creatures
  Urug (D:10)
  The ghost of Mulzaro the Tainter, an experienced SpVM of Vehumet (D:8)
  Joseph (D:10)
  A centaur zombie (D:11)
  A hydra zombie (D:10)
  A minotaur zombie (Lab)
  3 wandering mushrooms (D:8)
  A two-headed ogre (D:8)
  A shadow (D:11)
  2 hippogriffs
  A sky beast (D:7)
  4 centaurs
  3 orc warriors (D:8)
  5 ogres
  2 ice beasts
  3 phantoms
  2 giant frogs
  A scorpion (D:6)
  4 crimson imps
  2 goliath beetles
  A jelly (D:5)
  4 hounds
  6 orc priests
  16 worker ants
  6 orc wizards
  Jessica (D:3)
  Terence (D:3)
  A worker ant zombie (D:7)
  17 adders
  8 gnolls
  4 worms
  A giant mite (D:8)
  An iguana zombie (D:7)
  5 giant geckos
  An ooze (D:3)
  39 orcs
  3 ball pythons
  26 bats
  2 bat skeletons
  9 giant cockroaches
  14 hobgoblins
  3 quokkas
  12 giant newts
  2 gnoll zombies (D:3)
  14 goblins
  21 jackals
  14 kobolds
  A kobold zombie (D:6)
  An orc skeleton (D:6)
  12 rats
286 creatures vanquished.

Vanquished Creatures (collateral kills)
  A hill giant (D:10)
  An efreet (D:10)
  A troll (D:11)
  Grum (D:10)
  3 wolves (D:10)
  An ice beast (D:11)
  A sky beast (D:10)
  An orc warrior (D:11)
  A centaur (D:10)
  A hound (D:10)
12 creatures vanquished.

Vanquished Creatures (others)
  A blizzard demon (D:10)
  A smoke demon (Lab)
  An orange demon (D:11)
  2 ynoxinuls (D:11)
  A neqoxec (D:10)
6 creatures vanquished.

Grand Total: 304 creatures vanquished

Notes
Turn   | Place    | Note
--------------------------------------------------------------
     0 | D:1      | myeffort, the Deep Dwarf Earth Elementalist, began the quest for the Orb.
     0 | D:1      | Reached XP level 1. HP: 15/15 MP: 2/2
   370 | D:1      | Reached XP level 2. HP: 8/22 MP: 0/3
   519 | D:1      | Reached skill level 5 in Earth Magic
  1030 | D:1      | Reached XP level 3. HP: 28/28 MP: 0/5
  1310 | D:2      | Reached skill level 6 in Earth Magic
  1384 | D:2      | Learned a level 3 spell: Stone Arrow
  1810 | D:2      | Reached XP level 4. HP: 20/36 MP: 4/6
  2143 | D:2      | Reached skill level 7 in Earth Magic
  2518 | D:3      | Noticed a giant frog
  2539 | D:3      | Killed a giant frog
  2539 | D:3      | Reached XP level 5. HP: 42/42 MP: 2/7
  2595 | D:3      | Found a burning altar of Makhleb.
  2639 | D:3      | Became a worshipper of Makhleb the Destroyer
  2770 | D:3      | Learned a level 2 spell: Stoneskin
  2772 | D:3      | Found a shadowy altar of Dithmenos.
  2978 | D:3      | Acquired Makhleb's first power
  3185 | D:3      | Reached XP level 6. HP: 37/49 MP: 6/9
  3413 | D:3      | Noticed Jessica
  3415 | D:3      | Killed Jessica
  3426 | D:3      | Noticed Terence
  3464 | D:3      | Killed Terence
  3675 | D:3      | Found a basalt altar of Yredelemnul.
  3861 | D:4      | Reached skill level 5 in Maces & Flails
  3890 | D:4      | Noticed an ogre
  3938 | D:4      | Noticed an ogre
  3944 | D:4      | Killed an ogre
  4005 | D:4      | Reached XP level 7. HP: 53/55 MP: 10/10
  4128 | D:4      | Acquired Makhleb's second power
  4723 | D:4      | Found a staircase to the Ecumenical Temple.
  4775 | D:4      | Killed an ogre
  5269 | D:5      | Entered Level 5 of the Dungeon
  5369 | D:5      | Reached skill level 8 in Earth Magic
  5601 | D:5      | Reached XP level 8. HP: 47/62 MP: 3/12
  5666 | D:5      | Acquired Makhleb's third power
  5701 | D:5      | Reached skill level 9 in Earth Magic
  6278 | D:6      | Found an iron altar of Okawaru.
  6315 | D:6      | Reached skill level 10 in Earth Magic
  6382 | D:6      | Found a shattered altar of Ashenzari.
  6382 | D:6      | Found a blossoming altar of Fedhas.
  6383 | D:6      | Found an ancient bone altar of Kikubaaqudgha.
  6383 | D:6      | Found a sparkling altar of Nemelex Xobeh.
  6383 | D:6      | Found a deep blue altar of Sif Muna.
  6502 | D:6      | Reached skill level 11 in Earth Magic
  7107 | D:6      | Acquired Makhleb's fourth power
  7254 | D:7      | Found a white marble altar of Elyvilon.
  7382 | D:7      | Reached skill level 12 in Earth Magic
  7862 | D:7      | Gained mutation: You passively map the area around you. [level up]
  7862 | D:7      | Reached XP level 9. HP: 47/68 MP: 7/13
  8230 | D:8      | Got a smoking halberd
  8254 | D:8      | Noticed Mulzaro's ghost (experienced SpVM)
  8259 | D:8      | Killed Mulzaro's ghost
  8753 | D:8      | Found an opulent altar of Gozag.
  9072 | D:8      | Reached skill level 1 in Invocations
  9287 | D:8      | Acquired Makhleb's fifth power
  9370 | D:8      | Reached skill level 10 in Evocations
  9550 | D:8      | Found a blossoming altar of Fedhas.
  9577 | D:8      | Reached skill level 5 in Invocations
  9577 | D:8      | Reached XP level 10. HP: 75/75 MP: 1/23
 10279 | D:9      | Found a shimmering altar of Xom.
 10568 | D:9      | Found a staircase to the Orcish Mines.
 10712 | D:10     | Entered Level 10 of the Dungeon
 10818 | D:10     | Noticed Joseph
 10999 | D:10     | Noticed Urug
 11019 | D:10     | Killed Urug
 11123 | D:10     | Noticed a hill giant
 11128 | D:10     | Killed a hill giant
 11131 | D:10     | Noticed Grum
 11136 | D:10     | Killed Grum
 11171 | D:10     | Found Oneuxku's Assorted Antiques.
 11180 | D:10     | Bought a scroll labeled QAYLY TEI for 18 gold pieces
 11180 | D:10     | Bought a metallic yellow potion for 16 gold pieces
 11180 | D:10     | Bought a scroll labeled VOPAURH LEMAFF for 18 gold pieces
 11180 | D:10     | Bought a silvery potion for 16 gold pieces
 11180 | D:10     | Bought a twisted diamond ring for 90 gold pieces
 11327 | D:10     | Killed Joseph
 11824 | D:11     | Reached skill level 10 in Invocations
 11856 | D:11     | Found a labyrinth entrance.
 11950 | Lab      | Entered a labyrinth
 12331 | Lab      | Learned a level 5 spell: Lee's Rapid Deconstruction
 12359 | Lab      | Noticed a minotaur
 12374 | Lab      | Mangled by a minotaur

Action                   |  1- 3 |  4- 6 |  7- 9 | 10-12 || total
-------------------------+-------+-------+-------+-------++-------
Melee: Unarmed           |   106 |    45 |       |       ||   151
       Mace              |       |   144 |   377 |    48 ||   569
 Cast: Sandblast         |    98 |    64 |   130 |    47 ||   339
       Stone Arrow       |       |    10 |    46 |    31 ||    87
       Stoneskin         |       |     5 |    11 |     2 ||    18
       Lee's Rapid Decon |       |       |       |     1 ||     1
Invok: Lesser Servant of |       |       |       |     8 ||     8
       Greater Servant o |       |       |       |     2 ||     2
Evoke: Wand              |     1 |     5 |     8 |     7 ||    21
  Use: Scroll            |     3 |       |     3 |     3 ||     9
       Potion            |     1 |       |     2 |    12 ||    15
  Eat: Chunk             |    19 |     6 |    28 |    15 ||    68
